 Dungeon Crawl Stone Soup version 0.30.1-4-g462c640d31 (webtiles) character file.

Game seed: 732960390663470414

525844 Babbit the Axe Maniac (level 24, -20/249 HPs)
             Began as a Minotaur Fighter on Aug 17, 2023.
             Was a High Priest of Okawaru.
             Demolished by a rockslime (34 damage)
             ... created by the Royal Jelly
             ... on level 5 of the Pits of Slime on Aug 20, 2023.
             The game lasted 06:00:33 (54195 turns).

Babbit the Axe Maniac (Minotaur Fighter)           Turns: 54195, Time: 06:00:33

Health: -20/249    AC: 19    Str: 30    XL:     24   Next: 26%
Magic:  0/27       EV: 14    Int:  2    God:    Okawaru [*****.]
Gold:   3520       SH: 23    Dex: 18    Spells: 23/23 levels left

rFire   + . .        y - +7 war axe "Nuugg" {speed, rPois rF+ Int+2 Dex+3}
rCold   + + +        V - +5 Storm Queen's Shield {shock, Fly rElec}
rNeg    + + +        B - +10 plate armour of the Nightingale {-Tele rElec rN+++ Str-5}
rPois   +            N - +0 hat of Zaateogg {*Corrode rPois rC+ Str+2}
rElec   +            J - scarf of Omission {shadows, rC+ Regen+ rCorr Int-5}
rCorr   +            z - +1 pair of gloves of the Enchanting Gods {Dex+3}
SInv    .            I - +3 pair of mountain boots {steadfast, rC+}
Will    ++...        g - amulet of guardian spirit
Stlth   x              - ring of willpower
HPRegen 1.41/turn    U - +6 ring of strength
MPRegen 0.20/turn

%: no teleportation, random rage (3%), corrode self (3%), guardian spirit
@: corroded, on berserk cooldown, flying, slowed, studying 2 skills, unable to
drink, very slow
A: horns 2, retaliatory headbutt, berserk 1, deformed body, deterioration 2, low
MP 1, electricity resistance, weak 2, inability to drink after injury 1
}: 3/15 runes: barnacled, silver, gossamer
a: Renounce Religion, Heroism, Finesse, Duel


You were on level 5 of the Pits of Slime.
You worshipped Okawaru.
Okawaru was extremely pleased with you.
You visited 9 branches of the dungeon, and saw 47 of its levels.
You also visited: Bailey.

You collected 6920 gold pieces.
You spent 3400 gold pieces at shops.

Inventory:

Hand Weapons
 c - a +6 war axe of flaming
 q - the +3 hand axe of Desertification {protect, rElec Str+4}
   (You took it off a deep elf pyromancer on level 1 of the Elven Halls)

   Str:       It affects your strength (+4).
   rElec:     It insulates you from electricity.
 y - the +7 war axe "Nuugg" (weapon) {speed, rPois rF+ Int+2 Dex+3}
   (You found it on level 4 of the Shoals)

   Int:       It affects your intelligence (+2).
   Dex:       It affects your dexterity (+3).
   rF:        It protects you from fire.
   rPois:     It protects you from poison.
Missiles
 t - 40 boomerangs
 S - 12 silver javelins
Armour
 u - a +2 kite shield of reflection
 z - the +1 pair of gloves of the Enchanting Gods (worn) {Dex+3}
   (You bought it in a shop on level 4 of the Vaults)

   Dex:       It affects your dexterity (+3).
 B - the +10 plate armour of the Nightingale (worn) {-Tele rElec rN+++ Str-5}
   (You bought it in a shop on level 2 of the Orcish Mines)

   Str:       It affects your strength (-5).
   rElec:     It insulates you from electricity.
   rN:        It renders you almost immune to negative energy.
   -Tele:     It prevents most forms of teleportation.
 I - the +3 pair of mountain boots (worn) {steadfast, rC+}
   (You found it on level 5 of the Lair of Beasts)

   Steadfast: It prevents involuntary movement, except for blinking,
   teleportation, or banishment.
   rC:        It protects you from cold.
 J - the scarf of Omission (worn) {shadows, rC+ Regen+ rCorr Int-5}
   (You found it in a bailey)

   Int:       It affects your intelligence (-5).
   rC:        It protects you from cold.
   Regen:     It increases your rate of health regeneration.
   rCorr:     It protects you from acid and corrosion.
 N - the +0 hat of Zaateogg (worn) {*Corrode rPois rC+ Str+2}
   (Okawaru gifted it to you on level 1 of the Lair of Beasts)

   Str:       It affects your strength (+2).
   rC:        It protects you from cold.
   rPois:     It protects you from poison.
   *Corrode:  It may corrode you when you take damage.
 R - a +2 cloak of preservation
 V - the +5 Storm Queen's Shield (worn) {shock, Fly rElec}
   (You found it on level 3 of the Elven Halls)

   Shock:     When it blocks an attack, it may electrocute the attacker.
   This works even against foes who are a short distance away.
   rElec:     It insulates you from electricity.
   Fly:       It grants you flight.
 W - a +2 pair of boots of flying
Jewellery
 f - an amulet of reflection
 g - an amulet of guardian spirit (around neck)
 o - the ring "Acwotett" {rPois Int+6 Slay+3}
   (You found it on level 3 of the Elven Halls)

   [ring of intelligence]

   Int:       It affects your intelligence (+6).
   Slay:      It affects your accuracy & damage with ranged weapons and melee
   (+3).
   rPois:     It protects you from poison.
 r - the amulet of Totios {Spirit rN++ Will+ Stlth-}
   (You found it on level 4 of the Shoals)

   [amulet of guardian spirit]

   It causes incoming damage to be divided between your reserves of health and
   magic.
   rN:        It greatly protects you from negative energy.
   Will:      It increases your willpower.
   Stlth:     It makes you less stealthy.
 x - a ring of willpower (left hand)
 C - the necklace of Bloodlust {Fury *Rage Will++ Int-3 Slay+6}
   (You found it on level 3 of the Depths)

   [amulet of nothing]

   Fury:      It extends the wearer's berserk rage when killing foes.
   Int:       It affects your intelligence (-3).
   Slay:      It affects your accuracy & damage with ranged weapons and melee
   (+6).
   *Rage:     It berserks you when you make melee attacks (+50% chance).
   Will:      It greatly increases your willpower.
 U - a +6 ring of strength (right hand)
 Z - the ring "Zallug" {rPois Dex+3 SInv}
   (You took it off a deep elf knight on level 2 of the Elven Halls)

   [ring of see invisible]

   Dex:       It affects your dexterity (+3).
   rPois:     It protects you from poison.
   SInv:      It lets you see invisible.
Wands
 b - a wand of roots (45)
 j - a wand of light (42)
 D - a wand of polymorph (23)
 E - a wand of mindburst (30)
 Q - a wand of flame (45)
Scrolls
 d - a scroll of summoning
 e - 10 scrolls of fog
 h - 9 scrolls of magic mapping
 k - 9 scrolls of blinking
 l - 16 scrolls of teleportation
 w - 4 scrolls of poison
 A - a scroll of acquirement
 G - 5 scrolls of fear
 H - a scroll of amnesia
 L - 3 scrolls of silence
 T - 17 scrolls of identify
Potions
 a - 13 potions of heal wounds
 i - 12 potions of lignification
 m - 6 potions of haste
 n - 22 potions of curing
 p - 8 potions of flight
 s - 6 potions of cancellation
 v - 6 potions of resistance
 F - 2 potions of berserk rage
 O - 6 potions of ambrosia
 P - 2 potions of magic
Miscellaneous
 K - a piece from Xom's chessboard (15/15)
 M - a condenser vane (quivered)
 Y - a lightning rod (4/4)


   Skills:
 O Level 27 Fighting
 O Level 27 Axes
 + Level 7.5 Throwing
 + Level 19.8 Armour
 + Level 10.2 Dodging
 + Level 4.7 Stealth
 + Level 26.2 Shields
 + Level 11.1 Invocations
 + Level 2.3 Evocations


You had 23 spell levels left.
You didn't know any spells.
Your spell library contained the following spells:

 Spells                   Type           Power      Damage    Failure   Level
 Freeze                   Ice            0%         1d3       95%         1
 Magic Dart               Conj           0%         1d3       95%         1
 Sandblast                Erth           0%         2d4       95%         1
 Shock                    Conj/Air       0%         1d3       95%         1
 Sting                    Tmut/Pois      0%         1d3       95%         1
 Cigotuvi's Dreadful Rot  Necr/Pois/Air  0%         N/A       99%         2
 Poisonous Vapours        Pois/Air       0%         N/A       99%         2
 Scorch                   Fire           0%         2d5       99%         2
 Frozen Ramparts          Ice            0%         1d1       100%        3
 Hailstorm                Conj/Ice       0%         3d3       100%        3
 Inner Flame              Hex/Fire       0%         N/A       100%        3
 Mephitic Cloud           Conj/Pois/Air  0%         N/A       100%        3
 Stone Arrow              Conj/Erth      0%         3d7       100%        3
 Swiftness                Air            0%         N/A       100%        3
 Vhi's Electric Charge    Tloc/Air       0%         N/A       100%        3
 Airstrike                Air            0%         2d(0-16)  100%        4
 Anguish                  Hex/Necr       0%         N/A       100%        4
 Cause Fear               Hex            0%         N/A       100%        4
 Dispel Undead            Necr           0%         3d6       100%        4
 Flame Wave               Conj/Fire      0%         2d4       100%        4
 Ice Form                 Ice/Tmut       0%         N/A       100%        4
 Leda's Liquefaction      Hex/Erth       0%         N/A       100%        4
 Olgreb's Toxic Radiance  Pois           0%         N/A       100%        4
 Passage of Golubria      Tloc           0%         N/A       100%        4
 Sticky Flame             Conj/Fire      0%         2d3       100%        4
 Arcjolt                  Conj/Air       0%         1d10      100%        5
 Blade Hands              Tmut           0%         N/A       100%        5
 Fireball                 Conj/Fire      0%         3d3       100%        5
 Iskenderun's Battlesphe  Conj           0%         2d6       100%        5
 Lee's Rapid Deconstruct  Erth           0%         3d4*      100%        5
 Silence                  Hex/Air        0%         N/A       100%        5
 Yara's Violent Unravell  Hex/Tmut       0%         3d3       100%        5
 Conjure Ball Lightning   Conj/Air       0%         3x3d6     100%        6
 Iron Shot                Conj/Erth      0%         9d1       100%        6
 Plasma Beam              Fire/Air       0%         2x1d11    100%        6
 Statue Form              Tmut/Erth      0%         N/A       100%        6
 Enfeeble                 Hex            0%         N/A       100%        7
 Orb of Destruction       Conj           0%         9d5       100%        7
 Lehudib's Crystal Spear  Conj/Erth      0%         10d2      100%        8
 Maxwell's Capacitive Co  Air            0%         ∞         100%        8
 Shatter                  Erth           0%         3d5*      100%        9
 Call Imp                 Summ           Unusable   N/A       N/A         2
 Summon Guardian Golem    Hex/Summ       Unusable   N/A       N/A         3
 Animate Armour           Summ/Erth      Unusable   N/A       N/A         4
 Death Channel            Necr           Unusable   N/A       N/A         6
 Simulacrum               Ice/Necr       Unusable   N/A       N/A         6
 Summon Cactus Giant      Summ           Unusable   N/A       N/A         6
 Spellforged Servitor     Conj/Summ      Unusable   N/A       N/A         7

Dungeon Overview and Level Annotations

Branches:
Dungeon (15/15)            Temple (0/1) D:4            Lair (5/5) D:9
 Shoals (4/4) Lair:3       Spider (4/4) Lair:2        Slime (5/5) Lair:5
    Orc (2/2) D:11            Elf (3/3) Orc:2        Vaults (5/5) D:13
  Crypt (0/3) Vaults:3     Depths (4/4) D:15            Zot (0/5) Depths:4
 Bailey (visited)

Altars:
Ashenzari
Cheibriados
Gozag
Hepliaklqana
Kikubaaqudgha
Makhleb
Okawaru
Ru
Sif Muna
Trog
Xom
Yredelemnul
Jiyva
Lugonu

Shops:
Orc:1 (   Orc:2 ((?[*   Elf:2 (   Shoals:3 =!!   Vaults:1 ?   Vaults:2 [
Vaults:4 [   Vaults:5 !=(*   Depths:3 :   Depths:4 *

Portals:
Hell: Depths:1 Depths:2 Depths:3 Depths:4
Abyss: Lair:5 Depths:3
Pandemonium: Depths:2
Ziggurat: Depths:4
Trove: D:11 (give 2 scrolls of acquirement)

Annotations:
D:12 exclusion: obsidian statue
Shoals:3 Roxanne
Spider:2 exclusion: 2 ice statues
Elf:2 3 runed translucent doors


Innate Abilities, Weirdness & Mutations

You have a pair of horns on your head.
You reflexively headbutt those who attack you in melee.
You sometimes lose your temper in combat.
Armour fits poorly on your strangely shaped body.
Your body often deteriorates upon taking damage.
Your magical capacity is low. (-10% MP)
You are resistant to electric shocks. (rElec)
You are very weak. (Str -4)
You occasionally lose the ability to drink potions when taking damage.


Message History

The azure jelly hits you but does no damage. x2
The azure jelly misses you. You block the azure jelly's attack.
Your shield discharges, shocking the azure jelly!
The rockslime misses you.
The rockslime hits you but does no damage.
The quicksilver ooze hits you.
You block the quicksilver ooze's attack.
Your shield discharges, shocking the quicksilver ooze!
You kill the quicksilver ooze!
That felt strangely unrewarding.
The ooze engulfing you falls away.
You gasp with relief as air once again reaches your lungs.
The quicksilver ooze jiggles.
The acid blob spits acid at you. The splash of acid hits you! You resist.
* * * LOW HITPOINT WARNING * * *
The azure jelly hits you but does no damage.
The azure jelly misses you.
The azure jelly hits you but does no damage.
The azure jelly barely misses you. You block the rockslime's attack. x2
The acid blob hits you but does no damage.
You continue taking off the +10 plate armour of the Nightingale {-Tele rElec rN+++ Str-5}.
You block the slime creature's attack. You block the azure jelly's attack.
Your shield discharges, shocking the azure jelly!
The azure jelly hits you but does no damage.
The azure jelly hits you.
* * * LOW HITPOINT WARNING * * *
The azure jelly completely misses you. The rockslime hits you!!
* * * LOW HITPOINT WARNING * * *
You hold your ground!
You block the rockslime's attack. The acid blob hits you!!
* * * LOW HITPOINT WARNING * * *
The acid corrodes you!
You are splashed with acid.
You resist.
* * * LOW HITPOINT WARNING * * *
The slime creature hits you but does no damage.
The azure jelly hits you but does no damage.
The azure jelly closely misses you. x2; The azure jelly barely misses you.
The rockslime hits you but does no damage.
The rockslime hits you!!
You feel threatened and lose the ability to drink potions!
You die... ....... ......##. ............. ......... ............# .......# #..........## .......# )(.)....).[$# ......# [=[...JJ.(|/! ......### [φ"!GJJJJ/:/:

........## #J@#
.........## #J##
..........## #..#
...........#####.# ###.
.................#.....
.......................
.......................
.......................
.......................


You could see an acid blob, 2 azure jellies, a slime creature, 2 rockslimes, a
shining eye and 2 quicksilver oozes.

Vanquished Creatures
  the Royal Jelly (Slime:5)
  2 dread liches (Vaults:5)
  Mara (Elf:3)
  A juggernaut (Depths:3)
  Bai Suzhen (Spider:4)
  Saint Roka (Vaults:1)
  Jory (Vaults:2)
  2 golden dragons
  A bone dragon (Depths:4)
  A tentacled monstrosity (Depths:4)
  2 hellephants (Depths:4)
  6 liches
  The ghost of Kerot the Severer, an adept NaFi of Cheibriados (Depths:3)
  4 deep elf blademasters
  Zenata (Vaults:1)
  4 titans
  A walking divine tome (Depths:4)
  9 acid blobs
  3 deep elf master archers (Elf:3)
  A quicksilver dragon (Depths:2)
  A kraken (Shoals:3)
  The ghost of Wiggles the Executioner, an adept MiBe of Trog (Shoals:2)
  Polyphemus (Shoals:4)
  5 sphinxes
  8 storm dragons
  3 tengu reavers
  4 shadow dragons
  Donald (Vaults:3)
  A storm dragon (shapeshifter) (Vaults:5)
  3 rockslimes
  3 azure jellies
  2 deep elf sorcerers
  7 frost giants
  An iron dragon (Depths:4)
  12 fire giants
  8 emperor scorpions
  4 ghost moths
  Louise (D:14)
  16 vault wardens
  A draconian scorcher (Depths:4)
  24 ironbound preservers
  2 deep elf elementalists (Elf:3)
  A draconian stormcaller (Depths:4)
  2 broodmothers
  2 orc warlords
  6 quicksilver oozes
  The ghost of reasonance the Severer, a journeyman GrBe of Trog (Orc:1)
  A spriggan defender (Depths:2)
  8 ironbound thunderhulks
  33 very ugly things
  2 war gargoyles
  20 stone giants
  12 deep elf demonologists
  Azrael (D:12)
  A black draconian (Depths:4)
  A red draconian (Depths:4)
  2 green draconians (Depths:4)
  5 spark wasps
  15 dire elephants
  The ghost of kazak the Destroyer, a journeyman OpFE of Sif Muna (Orc:1)
  7 deep elf annihilators
  5 deep elf death magi (Elf:3)
  14 merfolk impalers
  18 yaktaur captains
  Josephine (D:15)
  4 entropy weavers
  A fire dragon (shapeshifter) (Vaults:5)
  6 fire dragons
  6 merfolk javelineers
  12 ettins
  33 vault guards
  7 deep elf high priests
  11 great orbs of eyes
  7 ice dragons
  Harold (Lair:2)
  2 rakshasas
  3 jorogumos
  2 catoblepae
  7 hydras
  Erolcha (D:10)
  4 ogre magi
  4 spriggan air magi
  8 centaur warriors
  An alligator snapping turtle (Shoals:3)
  A death knight (D:15)
  7 boulder beetles
  A merfolk avatar (Shoals:3)
  4 merfolk aquamancers
  6 ironbound frosthearts
  10 two-headed ogres
  33 dancing weapons
  4 deep troll earth magi
  A satyr (Shoals:3)
  18 death yaks
  8 hell hogs (Depths:4)
  3 deep troll shamans
  2 thrashing horrors (Lair:5)
  7 spriggan berserkers
  5 tengu warriors
  2 vampire magi
  4 orc high priests
  A titan zombie (Depths:2)
  Nergalle (Lair:2)
  3 hell knights (Vaults:5)
  23 deep elf knights
  A storm dragon zombie (Depths:2)
  4 skeletal warriors (D:12)
  3 skysharks
  5 iron trolls
  3 pharaoh ants
  A sun moth (Spider:1)
  A salamander mystic (Depths:1)
  50 deep trolls
  3 glowing orange brains
  11 sea snakes
  A death drake (shapeshifter) (Vaults:5)
  11 ironbound convokers
  12 orb spiders
  A golden dragon skeleton (Depths:2)
  9 deep elf archers
  2 flayed ghosts
  12 steelbarb worms
  8 wizards
  3 necromancers
  9 harpies
  2 phantasmal warriors
  A glowing shapeshifter (Vaults:5)
  14 lindwurms
  26 deep elf zephyrmancers
  16 wolf spiders
  2 wolf spider zombies (D:13)
  15 orc knights
  27 deep elf pyromancers
  7 shining eyes
  9 manticores
  41 ugly things
  10 fauns
  6 orc sorcerers
  2 shining eyes (shapeshifter)
  3 salamanders (Depths:1)
  12 moths of wrath
  2 merfolk sirens
  A black mamba (Lair:5)
  A stone giant skeleton (Vaults:3)
  8 water nymphs
  11 cyclopes
  3 elephants (Lair:2)
  A manticore (shapeshifter) (Vaults:4)
  A tengu skeleton (Depths:2)
  9 centaur zombies (D:13)
  2 eyes of devastation (Slime:1)
  17 vault sentinels
  A water nymph (shapeshifter) (Vaults:5)
  7 demonic crawlers
  16 torpor snails
  A smoke demon (Lair:5)
  A cane toad (shapeshifter) (Elf:3)
  Maurice (D:12)
  An unseen horror (D:12)
  2 gargoyles
  12 cane toads
  18 yaktaurs
  7 komodo dragons
  2 unseen horrors (shapeshifter)
  Maggie (D:7)
  2 ancient zymes (Lair:5)
  A freezing wraith (Vaults:5)
  A kobold demonologist (D:12)
  7 rime drakes
  An efreet (D:13)
  5 trolls
  8 tengu conjurers
  A silent spectre (Depths:3)
  7 hornets
  12 wind drakes
  3 meliai (Spider:2)
  31 merfolk
  A queen bee (shapeshifter) (Lair:5)
  27 blink frogs
  26 tarantellas
  A blink frog (shapeshifter) (D:15)
  12 dream sheep
  2 human skeletons
  A raiju (shapeshifter) (Depths:4)
  7 snapping turtles
  3 meliai zombies (D:13)
  105 slime creatures
  18 culicivoras
  25 jumping spiders
  A wyvern (shapeshifter) (Lair:5)
  A human (D:13)
  6 wyverns
  8 wraiths
  9 air elementals
  34 water elementals
  6 spriggans
  60 yaks
  Eustachio (D:6)
  3 large abominations (Lair:5)
  10 basilisks
  A golden eye (Slime:1)
  Grum (D:10)
  A basilisk (shapeshifter) (Vaults:5)
  9 fire elementals
  3 chaos spawn (Lair:5)
  12 small abominations (Lair:5)
  11 vampire mosquitoes
  55 redbacks
  Edmund (D:5)
  4 wargs
  Menkaure (D:5)
  A human zombie (Vaults:3)
  3 acid dragons
  15 water moccasins
  Duvessa (D:5)
  4 floating eyes
  A hell hound (D:12)
  28 orc warriors
  An ice beast (D:3)
  5 black bears
  A sky beast (D:6)
  12 ogres
  8 wolves
  5 centaurs
  3 phantoms
  6 kobold brigands
  A gnoll sergeant (D:9)
  9 bullfrogs
  3 scorpions
  8 earth elementals
  7 wights
  Dowan (D:5)
  3 troll zombies (D:11)
  6 killer bees (D:9)
  8 howler monkeys
  9 electric eels
  2 jellies
  20 orc priests
  2 gnoll boudas (D:8)
  5 hounds
  4 iguanas
  A sleepcap (D:5)
  Terence (D:3)
  7 hell rats (Lair:1)
  23 orc wizards
  5 ogre zombies (D:11)
  22 gnolls
  7 adders
  15 river rats (Lair:1)
  A shadow imp (D:6)
  A white imp (D:7)
  2 worms
  A dart slug (D:2)
  75 orcs
  4 ball pythons
  11 bats
  8 endoplasms
  5 giant cockroaches
  5 goblins
  7 hobgoblins
  4 jackals
  24 kobolds
  7 quokkas
  5 frilled lizards
  A goblin skeleton (D:11)
  4 goblin zombies (D:11)
  2 hobgoblin skeletons (D:11)
  A hobgoblin zombie (D:11)
  A kobold zombie (D:4)
  2 orc skeletons (D:11)
  15 orc zombies (D:11)
  13 rats
  2 spectral weapons (Vaults:1)
  A tentacle (Shoals:3)
2055 creatures vanquished.

Vanquished Creatures (others)
  Boris (Vaults:4)
  Asterion (Vaults:1)
  An ogre mage (Vaults:5)
  An orb spider (Spider:4)
  A water elemental (Shoals:4)
  7 tentacles (Shoals:3)
12 creatures vanquished.

Grand Total: 2067 creatures vanquished

Notes
Turn   | Place    | Note
-------+----------+-------------------------------------------
     0 | D:1      | Babbit the Minotaur Fighter began the quest for the Orb.
     0 | D:1      | Reached XP level 1. HP: 19/19 MP: 0/0
   186 | D:1      | Reached XP level 2. HP: 27/27 MP: 1/1
   908 | D:2      | Reached XP level 3. HP: 33/33 MP: 2/2
  1036 | D:2      | Found a sacrificial altar of Ru.
  1327 | D:3      | Found a shimmering altar of Xom.
  1332 | D:3      | Found a shimmering blue altar of Sif Muna.
  1333 | D:3      | Found a burning altar of Makhleb.
  1333 | D:3      | Found an ancient bone altar of Kikubaaqudgha.
  1333 | D:3      | Found a bloodstained altar of Trog.
  1333 | D:3      | Found an iron altar of Okawaru.
  1336 | D:3      | Found a hazy altar of Hepliaklqana.
  1339 | D:3      | Found a broken altar of Ashenzari.
  1344 | D:3      | Became a worshipper of Warmaster Okawaru
  1438 | D:3      | Noticed an ice beast
  1450 | D:3      | Killed an ice beast
  1451 | D:3      | Reached skill level 1 in Dodging
  1451 | D:3      | Reached XP level 4. HP: 24/41 MP: 1/3
  1451 | D:3      | Reached XP level 5. HP: 27/47 MP: 1/4
  1607 | D:3      | Found a sacrificial altar of Ru.
  1616 | D:3      | Noticed Terence
  1625 | D:3      | Killed Terence
  1625 | D:3      | Reached * piety under Okawaru
  2025 | D:4      | Noticed a black bear
  2031 | D:3      | Reached XP level 6. HP: 28/55 MP: 3/5
  2130 | D:3      | Reached skill level 5 in Fighting
  2130 | D:3      | Reached skill level 5 in Armour
  2142 | D:4      | Reached skill level 5 in Axes
  2177 | D:4      | Found a staircase to the Ecumenical Temple.
  2245 | D:4      | Reached ** piety under Okawaru
  2246 | D:4      | Reached XP level 7. HP: 57/61 MP: 4/6
  2751 | D:5      | Entered Level 5 of the Dungeon
  2751 | D:5      | Noticed Edmund
  2761 | D:5      | Killed Edmund
  2818 | D:5      | Reached skill level 5 in Shields
  2883 | D:5      | Noticed Menkaure
  2890 | D:5      | Killed Menkaure
  2891 | D:5      | Reached XP level 8. HP: 26/70 MP: 2/7
  3053 | D:5      | Reached *** piety under Okawaru
  3326 | D:5      | Noticed Dowan
  3327 | D:5      | Noticed Duvessa
  3336 | D:5      | Killed Duvessa
  3340 | D:5      | Killed Dowan
  4301 | D:6      | Noticed Eustachio
  4309 | D:6      | Killed Eustachio
  4310 | D:6      | Reached XP level 9. HP: 58/79 MP: 4/8
  4839 | D:7      | Noticed Maggie
  4858 | D:7      | Reached **** piety under Okawaru
  4859 | D:7      | Reached skill level 10 in Axes
  5160 | D:7      | Killed Maggie
  6228 | D:8      | Noticed a two-headed ogre
  6237 | D:8      | Killed a two-headed ogre
  6238 | D:8      | Reached skill level 5 in Dodging
  6306 | D:8      | Reached XP level 10. HP: 77/88 MP: 9/9
  6356 | D:8      | Found an opulent altar of Gozag.
  6868 | D:9      | Found a flagged portal.
  6869 | D:9      | Found a staircase to the Lair.
  6877 | Bailey   | Entered a bailey
  6992 | Bailey   | Identified the +1 pair of boots of the Snake Pit {rPois rF+
                  | Dex+3}
  7032 | Bailey   | Got the Omnibus of Geomancy
  7056 | Bailey   | Reached skill level 1 in Invocations
  7066 | Bailey   | Found a bloodstained altar of Trog.
  7080 | Bailey   | Identified the scarf of Omission {shadows, rC+ Regen+ rCorr
                  | Int-5}
  7094 | Bailey   | Lost intelligence.
  7498 | D:9      | Reached skill level 1 in Throwing
  7784 | D:10     | Entered Level 10 of the Dungeon
  7930 | D:10     | Reached skill level 1 in Stealth
  7950 | D:10     | Reached XP level 11. HP: 86/97 MP: 8/11
  8108 | D:10     | Noticed Grum
  8127 | D:10     | Killed Grum
  8345 | D:10     | Noticed Erolcha
  8350 | D:10     | Killed Erolcha
  8395 | D:10     | Identified the -1 pair of boots of Odapsae {Harm +Blink
                  | Int+4 SInv}
  8645 | D:10     | Identified the +0 robe of Lies {+Inv Str-4 Int+3 Slay+2}
  8753 | Lair:1   | Entered Level 1 of the Lair of Beasts
  8772 | Lair:1   | Reached ***** piety under Okawaru
  8827 | Lair:1   | Identified the +0 chain mail "Xumal" {+Inv Fly Int+4}
  9187 | Lair:1   | Reached skill level 10 in Fighting
  9210 | Lair:1   | Received a gift from Okawaru
  9649 | Lair:1   | Reached skill level 15 in Axes
  9693 | Lair:1   | Found a bloodstained altar of Trog.
 10457 | Lair:2   | Reached XP level 12. HP: 107/107 MP: 10/12
 10458 | Lair:2   | Noticed Nergalle
 10480 | Lair:2   | Killed Nergalle
 10710 | Lair:2   | Noticed Harold
 10721 | Lair:2   | Noticed an eight-headed hydra
 10722 | Lair:2   | Reached skill level 10 in Armour
 10726 | Lair:2   | Killed Harold
 10726 | Lair:2   | Found a hole to the Spider Nest.
 11616 | Lair:3   | Noticed a four-headed hydra
 12025 | Lair:1   | Killed an 11-headed hydra
 12025 | Lair:1   | Identified the +0 hat of Zaateogg {*Corrode rPois rC+
                  | Str+2} (Okawaru gifted it to you on level 1 of the Lair of
                  | Beasts)
 12025 | Lair:1   | Received a gift from Okawaru
 12313 | Lair:2   | Killed a seven-headed hydra
 12314 | Lair:2   | Reached skill level 1 in Evocations
 12783 | Lair:3   | Found a staircase to the Shoals.
 12857 | Lair:3   | You fall into a shaft and drop 2 floors!
 12857 | Lair:5   | Entered Level 5 of the Lair of Beasts
 12857 | Lair:5   | Noticed a death yak
 12857 | Lair:5   | Noticed a death yak
 12878 | Lair:5   | Noticed a death yak
 12878 | Lair:5   | Noticed a death yak
 12878 | Lair:5   | Noticed a death yak
 12880 | Lair:4   | Noticed a five-headed hydra
 12880 | Lair:4   | Noticed a death yak
 12880 | Lair:4   | Noticed a death yak
 12880 | Lair:4   | Noticed a death yak
 12880 | Lair:4   | Noticed a death yak
 12880 | Lair:4   | Noticed a death yak
 12880 | Lair:4   | Noticed a death yak
 12933 | Lair:3   | Noticed a six-headed hydra
 12942 | Lair:3   | Killed an 11-headed hydra
 13990 | Lair:4   | Reached XP level 13. HP: 111/118 MP: 11/13
 14243 | Lair:4   | Reached skill level 5 in Throwing
 14539 | Lair:4   | Found a snail-covered altar of Cheibriados.
 15677 | Lair:5   | Found a staircase to the Slime Pits.
 15719 | Lair:5   | Identified the +7 halberd "Fuacacorgh" {venom, rF+ Dex+2}
 15942 | Lair:5   | Received a gift from Okawaru
 15988 | Lair:5   | Reached XP level 14. HP: 114/132 MP: 12/15
 16111 | Lair:5   | Found a corrupted altar of Lugonu.
 16114 | Lair:5   | Found a one-way gate to the infinite horrors of the Abyss.
 16116 | Lair:5   | Found the +3 pair of mountain boots {steadfast, rC+}
 16248 | Lair:5   | Identified the +5 leather armour of Zesef {rPois Will+
                  | Int-5}
 17330 | D:11     | Found a portal to a secret trove of treasure.
 17532 | D:11     | Reached skill level 10 in Shields
 17551 | D:11     | Found the +4 skin of Zhor {*Englaciate rC+++ SInv}
 17851 | D:11     | Found a staircase to the Orcish Mines.
 18082 | D:11     | Identified the +8 rapier "Cukaloj" {flame, rN+ MP+9 Int+3}
 18625 | D:12     | Reached skill level 15 in Fighting
 18716 | D:12     | Noticed Azrael
 18731 | D:12     | Killed Azrael
 18890 | D:12     | Noticed Maurice
 18899 | D:12     | Killed Maurice
 18943 | D:12     | Received a gift from Okawaru
 19619 | Orc:1    | Entered Level 1 of the Orcish Mines
 19744 | Orc:1    | Found Elyorr's Antique Weapon Boutique.
 20032 | Orc:1    | Found a runed translucent gate.
 20032 | Orc:1    | Found a runed translucent gate.
 20032 | Orc:1    | Found a runed translucent gate.
 20038 | Orc:1    | Noticed kazak's ghost (journeyman OpFE)
 20038 | Orc:1    | Noticed reasonance's ghost (journeyman GrBe)
 20056 | Orc:1    | Killed kazak's ghost
 20073 | Orc:1    | Killed reasonance's ghost
 20289 | Orc:2    | Entered Level 2 of the Orcish Mines
 20289 | Orc:2    | Found a staircase to the Elven Halls.
 20464 | Orc:2    | Found Ixiclum's Assorted Antiques.
 20489 | Orc:2    | Bought a faintly glowing plate armour for 756 gold pieces
 20489 | Orc:2    | Identified the +10 plate armour of the Nightingale {-Tele
                  | rElec rN+++ Str-5} (You bought it in a shop on level 2 of
                  | the Orcish Mines)
 20506 | Orc:2    | Reached XP level 15. HP: 130/143 MP: 10/17
 21024 | Orc:2    | Found Sisamol's Antique Armour Emporium.
 21024 | Orc:2    | Found Migo Fyw's Antique Weapon Boutique.
 21038 | Orc:2    | Found Budemabu's Magic Scroll Emporium.
 21038 | Orc:2    | Found Neng's Weapon Boutique.
 21055 | Orc:2    | Bought a runed kite shield for 292 gold pieces
 21072 | Orc:2    | Bought a scroll of blinking for 135 gold pieces
 21255 | Spider:1 | Entered Level 1 of the Spider Nest
 21689 | D:13     | Received a gift from Okawaru
 21889 | D:13     | Found a basalt altar of Yredelemnul.
 22088 | D:13     | Received a gift from Okawaru
 22203 | D:13     | Found a gate to the Vaults.
 22980 | Spider:1 | Received a gift from Okawaru
 23021 | Spider:1 | Reached skill level 5 in Invocations
 24086 | Spider:2 | Noticed an emperor scorpion
 24145 | Spider:2 | Reached XP level 16. HP: 59/155 MP: 6/19
 24175 | Spider:2 | Received a gift from Okawaru
 24352 | Spider:2 | Received a gift from Okawaru
 25625 | Spider:4 | Entered Level 4 of the Spider Nest
 26043 | Spider:4 | Received a gift from Okawaru
 26237 | Spider:4 | Reached XP level 17. HP: 149/165 MP: 1/20
 26395 | Spider:4 | Noticed Bai Suzhen
 26438 | Spider:4 | Killed Bai Suzhen
 26439 | Spider:4 | Reached skill level 15 in Shields
 26643 | Spider:4 | Identified the +1 leather armour of Caguadawk {Dex+5}
 26962 | Spider:4 | Got a gossamer rune of Zot
 28014 | D:14     | Received a gift from Okawaru
 28049 | D:14     | Found an iron altar of Okawaru.
 28078 | D:14     | Identified the +7 quarterstaff "Qohin" {holy, rC+ rN+ Will+
                  | Dex+2}
 28229 | D:14     | Noticed Louise
 28267 | D:14     | Killed Louise
 28751 | Shoals:1 | Entered Level 1 of the Shoals
 29866 | Shoals:2 | Found a runed translucent door.
 29868 | Shoals:2 | Noticed Wiggles's ghost (adept MiBe)
 29910 | Shoals:2 | Killed Wiggles's ghost
 30362 | Shoals:2 | Received a gift from Okawaru
 30763 | Shoals:3 | Noticed Roxanne
 30797 | Shoals:3 | Reached skill level 15 in Armour
 30799 | Shoals:3 | Received a gift from Okawaru
 30812 | Shoals:3 | Found Idall's Distillery.
 30828 | Shoals:3 | Bought 2 potions of curing for 78 gold pieces
 30828 | Shoals:3 | Bought a potion of cancellation for 104 gold pieces
 30906 | Shoals:3 | Found Gutaemih's Distillery.
 30940 | Shoals:3 | Bought a potion of heal wounds for 95 gold pieces
 31005 | Shoals:3 | Found Syzueqau's Jewellery Shop.
 31017 | Shoals:4 | Entered Level 4 of the Shoals
 31153 | Shoals:3 | Received a gift from Okawaru
 31442 | Shoals:3 | Noticed a kraken
 31457 | Shoals:3 | Killed a kraken
 32345 | Shoals:4 | Reached XP level 18. HP: 177/177 MP: 22/22
 32454 | Shoals:4 | Paralysed by an air elemental for 1 turns
 32691 | Shoals:4 | Paralysed by an air elemental for 1 turns
 32694 | Shoals:4 | Paralysed by an air elemental for 1 turns
 32949 | Shoals:4 | Identified the +7 war axe "Nuugg" {speed, rPois rF+ Int+2
                  | Dex+3}
 32971 | Shoals:4 | Identified the amulet of Totios {Spirit rN++ Will+ Stlth-}
 32974 | Shoals:4 | Got a barnacled rune of Zot
 33006 | Shoals:4 | Noticed Polyphemus
 33017 | Shoals:4 | Killed Polyphemus
 33017 | Shoals:4 | Received a gift from Okawaru
 33233 | Shoals:4 | Found an ancient bone altar of Kikubaaqudgha.
 33317 | Shoals:4 | Paralysed by an air elemental for 1 turns
 33457 | Shoals:4 | Paralysed by an air elemental for 1 turns
 33462 | Shoals:4 | Paralysed by an air elemental for 1 turns
 33619 | Shoals:4 | Paralysed by an air elemental for 1 turns
 33621 | Shoals:4 | Paralysed by an air elemental for 1 turns
 33855 | Vaults:1 | Entered Level 1 of the Vaults
 34103 | Vaults:1 | Noticed Saint Roka
 34176 | Vaults:1 | Killed Saint Roka
 34269 | Vaults:1 | Noticed Asterion
 34281 | Vaults:1 | Killed Asterion
 34382 | Vaults:1 | Identified the +1 broad axe "Weptevei" {antimagic, rC+
                  | Int+3} (Okawaru gifted it to you on level 1 of the Vaults)
 34382 | Vaults:1 | Received a gift from Okawaru
 34429 | Vaults:1 | Found Zyjugeb's Magic Scroll Boutique.
 34442 | Vaults:1 | Bought a scroll of enchant weapon for 142 gold pieces
 34490 | Vaults:1 | Noticed Zenata
 34503 | Vaults:1 | Killed Zenata
 34952 | Vaults:1 | Received a gift from Okawaru
 34970 | Vaults:1 | Reached XP level 19. HP: 187/187 MP: 18/23
 35371 | Vaults:1 | Received a gift from Okawaru
 35764 | Vaults:2 | Noticed Jory
 35785 | Vaults:2 | Killed Jory
 36180 | Vaults:2 | Received a gift from Okawaru
 36726 | Vaults:2 | Received a gift from Okawaru
 36954 | Vaults:2 | Found Eschaf's Armour Shoppe.
 37031 | Vaults:2 | Identified a scroll of acquirement
 37055 | Vaults:2 | Received a gift from Okawaru
 37222 | Vaults:3 | Received a gift from Okawaru
 37639 | Vaults:3 | Noticed Donald
 37651 | Vaults:3 | Killed Donald
 37738 | Vaults:3 | Received a gift from Okawaru
 37812 | Vaults:3 | Reached XP level 20. HP: 200/200 MP: 20/25
 38408 | Vaults:3 | Found a staircase to the Crypt.
 38408 | Vaults:3 | Found a basalt altar of Yredelemnul.
 38409 | Vaults:3 | Found an ancient bone altar of Kikubaaqudgha.
 39319 | Vaults:4 | Noticed Boris
 39340 | Vaults:4 | Killed Boris
 39650 | Vaults:4 | Found Wuung's Antique Armour Boutique.
 39662 | Vaults:4 | Bought a pair of bloodstained gloves for 361 gold pieces
 39662 | Vaults:4 | Identified the +1 pair of gloves of the Enchanting Gods
                  | {Dex+3} (You bought it in a shop on level 4 of the Vaults)
 39901 | Vaults:4 | Identified the +5 ring mail "Exkengagh" {+Blink}
 39912 | Vaults:4 | Identified the +0 leather armour "Finus" {Int+3}
 39993 | Vaults:5 | Entered Level 5 of the Vaults
 40887 | Vaults:5 | Reached XP level 21. HP: 211/211 MP: 26/26
 40915 | Vaults:5 | Identified the +3 leather armour "Boonul" {rPois rC+++
                  | Str-4}
 40915 | Vaults:5 | Identified the ring of Compulsion {rPois MP+9 Int+3}
 40934 | Vaults:5 | Found the ring of Shadows {Umbra +Inv Stlth+}
 41008 | Vaults:5 | Got a silver rune of Zot
 41197 | Vaults:5 | Received a gift from Okawaru
 41426 | Vaults:5 | Noticed a dread lich
 41450 | Vaults:5 | Killed a dread lich
 41476 | Vaults:5 | Received a gift from Okawaru
 41770 | Vaults:5 | Found Wirag's Jewellery Shop.
 41773 | Vaults:5 | Found Zomafot's Distillery.
 41820 | Vaults:5 | Killed a dread lich
 41843 | Vaults:5 | Bought a potion of heal wounds for 55 gold pieces
 41942 | Vaults:5 | Received a gift from Okawaru
 41965 | Vaults:5 | Found Xiomo's Antique Weapon Shoppe.
 42027 | Vaults:5 | Found Lucoil's General Store.
 42031 | Vaults:5 | Bought a wand of flame (2) for 22 gold pieces
 42319 | D:15     | Entered Level 15 of the Dungeon
 42515 | D:15     | Noticed Josephine
 42523 | D:15     | Killed Josephine
 42603 | D:15     | Found a staircase to the Depths.
 42859 | D:15     | Identified the +2 ring mail of the Endless Expanse {Regen+
                  | SInv Stlth+}
 43126 | Elf:1    | Entered Level 1 of the Elven Halls
 43176 | Elf:1    | Paralysed by an air elemental for 1 turns
 43550 | Elf:1    | Received a gift from Okawaru
 43553 | Elf:1    | Identified the +3 hand axe of Desertification {protect,
                  | rElec Str+4}
 44209 | Elf:2    | Identified the ring "Zallug" {rPois Dex+3 SInv}
 44237 | Elf:2    | Found a runed translucent gate.
 44237 | Elf:2    | Found a runed translucent gate.
 44237 | Elf:2    | Found a runed translucent gate.
 44237 | Elf:2    | Found a runed translucent gate.
 44237 | Elf:2    | Found a runed translucent gate.
 44291 | Elf:2    | Found a runed translucent gate.
 44368 | Elf:2    | Reached XP level 22. HP: 224/224 MP: 28/28
 44432 | Elf:2    | Found Hiti Net's Antique Weapon Shoppe.
 44628 | Elf:2    | Found a runed translucent gate.
 44629 | Elf:2    | Found a runed translucent gate.
 44629 | Elf:2    | Found a runed translucent gate.
 45008 | Elf:2    | Received a gift from Okawaru
 45254 | Elf:3    | Entered Level 3 of the Elven Halls
 45963 | Elf:3    | Identified the +8 chain mail "Suawkeusm" {rC+ Regen+ rCorr
                  | Int-2}
 45966 | Elf:3    | Noticed Mara
 45966 | Elf:3    | Found the +5 Storm Queen's Shield {shock, Fly rElec}
 45981 | Elf:3    | Killed Mara
 46018 | Elf:3    | Identified the +0 crystal plate armour "Ituewnic" {Rampage
                  | rF+ rN+}
 46039 | Elf:3    | Identified the +6 trident "Rimawk" {spect, rC+ Stlth+}
 46054 | Elf:3    | Identified the ring "Acwotett" {rPois Int+6 Slay+3}
 46172 | Elf:3    | Identified the +10 dagger of the Winnowing Gnat {spect,
                  | *Noise rF+++ rN++ rCorr}
 46296 | Elf:3    | Reached skill level 10 in Invocations
 46326 | Elf:3    | Received a gift from Okawaru
 46792 | Depths:1 | Entered Level 1 of the Depths
 47294 | Depths:1 | Found a gateway to Hell.
 48146 | Depths:2 | Paralysed by a floating eye for 3 turns
 48154 | Depths:2 | Received a gift from Okawaru
 48198 | Depths:2 | Reached skill level 27 in Axes
 48198 | Depths:2 | Reached XP level 23. HP: 110/236 MP: 9/29
 48241 | Depths:1 | Reached skill level 10 in Dodging
 48744 | Depths:2 | Found a one-way gate leading to the halls of Pandemonium.
 49108 | Depths:3 | Paralysed by a floating eye for 4 turns
 49204 | Depths:3 | Found a transporter.
 49355 | Depths:3 | Found Beys's Book Boutique.
 49362 | Depths:3 | Bought a manual of Ranged Weapons for 1360 gold pieces
 49502 | Depths:3 | Found a runed translucent door.
 49503 | Depths:3 | Found a shimmering altar of Xom.
 49503 | Depths:3 | Noticed Kerot's ghost (adept NaFi)
 49652 | Depths:3 | Identified the +4 plate armour "Dylarr" {rC++ Str+2}
 50184 | Depths:3 | Received a gift from Okawaru
 50365 | Depths:3 | Killed Kerot's ghost
 50410 | Depths:3 | Found a transporter.
 50410 | Depths:3 | Found a runed translucent door.
 50410 | Depths:3 | Found a bloodstained altar of Trog.
 50410 | Depths:3 | Found the necklace of Bloodlust {Fury *Rage Will++ Int-3
                  | Slay+6}
 50433 | Depths:3 | Noticed a juggernaut
 50450 | Depths:3 | Killed a juggernaut
 50459 | Depths:3 | Identified the +0 chain mail "Jynnapre" {Rampage rPois
                  | Regen+ Dex+3}
 50463 | Depths:3 | Identified the +3 glaive of Extremism {flame, rF+ Will+
                  | Dex-5}
 50884 | Depths:4 | Entered Level 4 of the Depths
 50954 | Depths:4 | Received a gift from Okawaru
 51013 | Depths:4 | Found a one-way gateway to a ziggurat.
 51018 | Depths:4 | Paralysed by a floating eye for 4 turns
 51066 | Depths:4 | Received a gift from Okawaru
 51191 | Depths:4 | Reached skill level 27 in Fighting
 51429 | Depths:4 | Found a gate to the Realm of Zot.
 51753 | Depths:4 | Found Wyohiet's Demolitions Depot.
 52196 | Depths:4 | Paralysed by a floating eye for 3 turns
 52213 | Depths:4 | Paralysed by a floating eye for 2 turns
 52216 | Depths:4 | Paralysed by a floating eye for 3 turns
 52222 | Depths:4 | Paralysed by a floating eye for 3 turns
 52684 | Slime:1  | Entered Level 1 of the Pits of Slime
 52690 | Slime:1  | Gained mutation: You are resistant to electric shocks.
                  | (rElec) [a shining eye]
 52699 | Slime:1  | Gained mutation: Your body sometimes deteriorates upon
                  | taking damage. [a shining eye]
 52777 | Slime:1  | Gained mutation: You are weak. (Str -2) [a shining eye]
 52783 | Slime:1  | Gained mutation: Armour fits poorly on your strangely
                  | shaped body. [a shining eye]
 52786 | Slime:1  | Paralysed by a floating eye for 2 turns
 52803 | Slime:1  | Received a gift from Okawaru
 52809 | Slime:1  | Gained mutation: You sometimes lose your temper in combat.
                  | [a shining eye]
 53276 | Slime:2  | Reached XP level 24. HP: 249/249 MP: 28/30
 53760 | Slime:3  | Gained mutation: Your body often deteriorates upon taking
                  | damage. [a shining eye]
 53762 | Slime:3  | Gained mutation: You occasionally lose the ability to drink
                  | potions when taking damage. [a shining eye]
 54032 | Slime:5  | Entered Level 5 of the Pits of Slime
 54108 | Slime:5  | Gained mutation: You are very weak. (Str -4) [a shining
                  | eye]
 54140 | Slime:5  | Gained mutation: Your magical capacity is low. (-10% MP) [a
                  | shining eye]
 54172 | Slime:5  | Noticed the Royal Jelly
 54176 | Slime:5  | Found a viscous altar of Jiyva.
 54185 | Slime:5  | Killed the Royal Jelly
 54185 | Slime:5  | Received a gift from Okawaru
 54195 | Slime:5  | Demolished by a rockslime

Illustrated notes

Levels and vault maps discovered:
D:1:      nzn_arrival_settlement, layout_basic
D:2:      layout_rooms, basic_altar
D:3:      layout_loops_ring, minitemple, hangedman_ru_absence, uniq_terence
D:4:      layout_cave_pools, minmay_temple_entry_glass, enter_ossuary_3
D:5:      layout_loops_ring, minmay_strange_pillars, uniq_menkaure,
          uniq_duvessa, uniq_edmund
D:6:      layout_basic, lightli_orcish_oven, uniq_eustachio
D:7:      layout_basic, uniq_maggie
D:8:      layout_basic, grunt_gozag_statues
D:9:      layout_big_octagon, lair_entry_dummy, enter_bailey_2
D:10:     layout_irregular_city, uniq_erolcha, uniq_grum
D:11:     layout_layer_cave, zombieorc2_lemuel, enter_trove_1,
          hellmonk_guarded_unrand_zhor
D:12:     layout_small_grid, minmay_protected_statue, uniq_azrael, uniq_maurice
D:13:     layout_cave_pools, grunt_vaults_entry_fortified,
          nicolae_yredelemnul_corpse_copse
D:14:     wad_bat_island, layout_loops_ring, okawaru_trees_2, uniq_louise
D:15:     hangedman_depths_entry_civil_slaughter, layout_basic,
          amcnicky_mini_rare_corridor_liquid, uniq_josephine
Lair:1:   lemuel_ratsnest, layout_regular_city, basic_altar
Lair:2:   layout_hall_layers, spider_nest_entry_a, serial_bayou_pond_a,
          uniq_nergalle, uniq_harold
Lair:3:   layout_roguey, nicolae_shoals_entry_roost, serial_bayou,
          serial_bayou_pond_b, serial_bayou_pond_d, serial_bayou_pond_d,
          serial_bayou_shore_b, serial_bayou_crossing, nicolae_lair_lil_pond,
          grunt_megastairs_5
Lair:4:   layout_roguey, kennysheep_snail_temple, infiniplex_staircase_pool,
          serial_bayou_shore_b
Lair:5:   hellmonk_lair_end_abyssal_woods, layout_gridlike, slime_entry_1,
          serial_bayou_pond_a, minivault_11, nicolae_lair_grove_arrangements
Shoals:1: layout_shoals
Shoals:2: layout_shoals, ebering_ghost_inner_flame, nicolae_shoals_mertower
Shoals:3: layout_shoals, serial_shops, nicolae_shop_tiny_waterfront,
          nicolae_shop_pleasant_corner_grove, shop, ldierk_geyser, uniq_roxanne
Shoals:4: shoals_end_hellmonk_storm_palace [storm_palace_center_square,
          storm_palace_corner_reverse_hut, storm_palace_corner_pillars,
          storm_palace_corner_pillars, storm_palace_corner_altar],
          uniq_polyphemus
Spider:1: layout_cave_pods, drop_trap, nicolae_spider_not_touching_you
Spider:2: layout_spider_delve, portal_ice_cave_entry_ice_statue_two,
          nicolae_spider_jagged_tunnels
Spider:3: layout_spider_delve
Spider:4: grunt_spider_rune_circles, uniq_bai_suzhen
Slime:1:  layout_caves, nicolae_slime_getting_an_eyeful
Slime:2:  layout_caves
Slime:3:  layout_caves
Slime:4:  layout_caves
Slime:5
Orc:1:    layout_caves, gammafunk_ghost_cemetery, serial_shops, shop
Orc:2:    grunt_orc_tribal_feast, layout_caves, serial_shops, shop
Elf:1:    minmay_elf_crystal_square, layout_gridlike, hangedman_corner_corridor
Elf:2:    nicolae_elf_blades_crystal_corner, layout_loops_ring, orc_legates,
          minmay_shop_star
Elf:3:    elf_hall_gauntlet_wide, layout_loops_corners,
          nicolae_elf_martial_mastery, uniq_mara
Vaults:1: v_misc_3, nicolae_vaults_offset_grid_hallway_2, ontoclasm_vaults_eye,
          nicolae_vaults_oval_intersection, nicolae_vaults_apartment_1,
          vaults_room_hangedman_quadrants, v_misc_5,
          nicolae_vaults_door_testing_chamber, vaults_room_grid, v_rooms_3,
          v_misc_25, ontoclasm_vaults_fault, vaults_mumra_chevron_long,
          ontoclasm_vaults_hangar, nicolae_vaults_weapon_check, v_misc_19,
          nicolae_vaults_tetromino_T_2, layout_vaults_maze_bifur, serial_shops,
          nicolae_shop_window_shopping, uniq_asterion, uniq_saint_roka,
          uniq_zenata
Vaults:2: ontoclasm_vaults_gallery, nicolae_vaults_border_crossing,
          nicolae_vaults_layer_cake_slice, nicolae_vaults_what_the_h, v_rooms_4,
          nicolae_vaults_sightless_eye, vaults_dpeg_diagonal, v_misc_2,
          nicolae_vaults_stepped_doors, nicolae_vaults_variable_pillar_hall,
          v_misc_25, nicolae_vaults_storage_room_water, nicolae_vaults_prndl,
          nicolae_vaults_apartment_1, layout_vaults_ring, serial_shops, shop,
          uniq_jory
Vaults:3: v_alt_pattern_4, hangedman_vaults_pinch,
          minmay_crypt_entry_necro_gods, vaults_standard_mumra_x,
          nicolae_vaults_doubleplus_tesselated, hangedman_vaults_variations,
          nicolae_vaults_network_star, nicolae_vaults_angled_halls,
          ontoclasm_vaults_twist, layout_vaults_omnicross, uniq_donald
Vaults:4: hangedman_vaults_stagger, nicolae_vaults_network_quinsquares
          [nicolae_vaults_network_quincunx_subvault,
          nicolae_vaults_network_quincunx_subvault,
          nicolae_vaults_network_quincunx_subvault,
          nicolae_vaults_network_quincunx_subvault],
          hangedman_vaults_river_flow, vaults_room_pools, hangedman_vaults_hat,
          nicolae_vaults_octothorpe, v_misc_8,
          nicolae_vaults_storing_the_good_stuff, nicolae_vaults_network_s,
          v_misc_25, layout_vaults_omnibox, serial_shops, shop, uniq_boris
Vaults:5
Depths:1: layout_basic, serial_co_window_serial, co_window_paths_a,
          co_window_paths_a, co_window_paths_b, co_window_paths_a,
          co_window_corner_a, co_window_corner_a, co_window_corner_a,
          co_window_corner_a, co_window_paths_a, co_window_broadway_b,
          co_window_2corner, co_window_2corner, co_window_corner_b,
          co_window_4corner_b, co_window_paths_d, glass_columns_b,
          glass_columns_b, glass_columns_b, glass_columns_a, glass_columns_b,
          hell_entry, nicolae_danse_macabre
Depths:2: minmay_dotted_concentric_squares, layout_cave_pools,
          pf_hell_entry_great_geh, chequers_serial_rivers_small_b, pan_entry,
          minmay_staircase_windowed_large
Depths:3: emtedronai_trogs_sanctum, layout_cave_shapes,
          hangedman_abyss_entry_splay, pf_coc_iceberg,
          hangedman_abyss_or_decor_passed, serial_shops, shop,
          ebering_ghost_xom, kennysheep_generic_room_2, uniq_grunn
Depths:4: evilmike_zot_entry_hall, layout_gridville, enter_ziggurat_c,
          grunt_hell_horde, nicolae_concentric_dashed_squares_wild,
          serial_bayou_pond_a, minmay_misc_feat_tiny, drop_trap,
          nicolae_blasting_shop

Skill      XL: |  1  2  3  4  5  6  7  8  9 10 11 12 13 14 15 16 17 18 19 20 21 22 23 24 |
---------------+-------------------------------------------------------------------------+-----
Armour         | 4 5 6 7 8 9 11 12 13 14 15 16 17 18 19 | 19.8
Fighting       | 4 5 6 7 8 9 10 12 14 15 17 18 19 20 22 23 24 26 27 | 27.0
Shields        | 4 5 6 7 8 9 10 12 14 16 18 19 20 21 22 25 26 | 26.2
Axes           | 3 4 5 7 9 11 13 15 16 17 18 20 21 22 23 24 25 27 | 27.0
Dodging        | 1 2 3 4 5 6 7 8 9 10 | 10.2
Invocations    | 1 2 3 4 5 6 7 8 9 10 11 | 11.1
Throwing       | 1 4 6 7 |  7.5
Stealth        | 1 2 3 4 |  4.7
Evocations     | 1 2 |  2.3

Action                     |  1- 3 |  4- 6 |  7- 9 | 10-12 | 13-15 | 16-18 | 19-21 | 22-24 || total
---------------------------+-------+-------+-------+-------+-------+-------+-------+-------++-------
  Melee: War axe           |    86 |    45 |   260 |   533 |  1073 |  1657 |  1631 |  1443 ||  6728
         Headbutt          |    12 |    12 |    51 |   111 |   245 |   464 |   526 |   501 ||  1922
  Throw: Boomerang         |       |       |    12 |    73 |    79 |    40 |       |       ||   204
         Javelin           |       |       |       |       |       |     2 |     2 |       ||     4
 Invoke: Heroism           |       |       |     4 |    22 |    48 |    31 |    28 |    17 ||   150
         Finesse           |       |       |       |     1 |    12 |    14 |    22 |     9 ||    58
  Evoke: Wand              |       |       |       |    22 |     2 |       |       |       ||    24
         Condenser vane    |       |       |       |       |       |       |     1 |     1 ||     2
         Lightning rod     |       |       |       |       |       |       |     2 |     3 ||     5
    Use: Scroll            |     4 |       |     6 |    16 |    13 |     8 |     5 |     4 ||    56
         Potion            |       |       |     2 |     2 |       |     3 |       |     4 ||    11
   Stab: Paralysed         |       |       |       |       |     1 |       |       |       ||     1
         Petrified         |       |       |       |       |       |     7 |       |       ||     7
         Confused          |       |       |       |       |       |       |       |     2 ||     2
         Distracted        |       |       |       |       |       |       |       |     1 ||     1
 Armour: Scale mail        |    49 |    33 |    22 |       |       |       |       |       ||   104
         Ring mail         |       |       |    31 |    12 |       |       |       |       ||    43
         Plate armour      |       |       |       |   275 |   117 |   897 |   314 |   275 ||  1878
         Pearl dragon scal |       |       |       |       |   299 |       |       |       ||   299
  Dodge: Dodged            |    38 |    43 |   110 |   299 |   521 |   567 |   273 |   253 ||  2104
  Block: Buckler           |    24 |    17 |    71 |   154 |   185 |       |       |       ||   451
         Kite shield       |       |       |       |       |   228 |  1196 |   600 |   669 ||  2693
         Reflection        |       |       |       |       |       |       |    54 |    14 ||    68
